 Dungeon Crawl Stone Soup version 0.29-a0-925-g0a7a3d12f8 (webtiles) character file.

Game seed: 9963560725007848942

25137 Sobieck the Eclecticist (level 13, -8/87 HPs)
             Began as a Djinni Fire Elementalist on July 29, 2022.
             Was an Elder of Makhleb.
             Mangled by an elephant (16 damage)
             ... on level 4 of the Lair of Beasts.
             The game lasted 00:32:43 (15110 turns).

Sobieck the Eclecticist (Djinni Fire Elementalist) Turns: 15110, Time: 00:32:43

Health: -8/87      AC:  7    Str:  7    XL:     13   Next: 48%
Gold:   911        EV: 14    Int: 29    God:    Makhleb [****..] SH:  5 Dex: 13

rFire   + + +      SeeInvis .   a - staff of conjuration {!a@e2staff}
rCold   x x .      Faith    .   w - +0 buckler
rNeg    . . .      Spirit   .   F - +0 robe
rPois   ∞          Reflect  .   Y - +0 helmet
rElec   .          Harm     .   E - +2 cloak {Will+}
rCorr   .          Rampage  .   K - +0 pair of gloves
Will    ++...                   (boots unavailable)
Stlth   ++........              j - amulet of regeneration {@e2}
HPRegen 1.04/turn               M - ring of fire
MPRegen 0.00/turn               n - +6 ring of intelligence

@: flying
A: sickness immunity, fire resistance 2, cold vulnerability 1, float, innate
caster, HP casting, extra vitality 1
a: Renounce Religion, Minor Destruction, Lesser Servant of Makhleb, Major
Destruction


You were on level 4 of the Lair of Beasts.
You worshipped Makhleb.
Makhleb was greatly pleased with you.
You visited 3 branches of the dungeon, and saw 16 of its levels.

You collected 911 gold pieces.


Innate Abilities, Weirdness & Mutations

You are immune to sickness and miasma.
You are immune to poison.
Your flesh is very heat resistant. (rF++)
You are vulnerable to cold. (rC-)
You float through the air rather than walking.
You learn spells naturally, not from books.
Your magical power is your life essence.
You have superior vitality. (+4 MHP)


   Skills:
 + Level 5.9 Fighting
 + Level 6.3 Dodging
 - Level 1.5 Stealth
 - Level 5.0 Shields
 - Level 15.0 Spellcasting
 + Level 4.1 Invocations


You had 12 spell levels left.
You knew the following spells:

 Your Spells              Type           Power      Damage    Failure   Level
a - Foxfire               Conj/Fire      100%       2x1d9     0%          1
b - Scorch                Fire           100%       2d10      0%          2
c - Conjure Flame         Conj/Fire      100%       6-21      1%          3
d - Inner Flame           Hex/Fire       100%       N/A       1%          3
e - Flame Wave            Conj/Fire      100%       2d21      1%          4
f - Slow                  Hex            100%       N/A       0%          1
g - Static Discharge      Conj/Air       100%       3-16/arc  0%          2
h - Call Imp              Summ           83%        N/A       0%          2
i - Ignite Poison         Fire/Tmut/Pois 100%       N/A       1%          3
j - Summon Ice Beast      Ice/Summ       83%        N/A       1%          4
k - Metabolic Englaciati  Hex/Ice        41%        N/A       1%          5
Your spell library was empty.

Inventory:

Hand Weapons
 b - a +0 sling
   (You found it on level 1 of the Dungeon)
 c - a +4 short sword of electrocution {short}
   (You took it off a kobold on level 4 of the Dungeon)
 A - a +1 spear of freezing {polearm}
   (You took it off a gnoll on level 3 of the Dungeon)
 D - a +2 quarterstaff of chaos {staff}
   (You took it off Crazy Yiuf on level 3 of the Dungeon)
Missiles
 v - 9 curare-tipped darts {=fthrowing}
 L - 16 boomerangs {throwing}
 O - 41 poisoned darts {throwing}
Armour
 w - a +0 buckler (worn)
   (You found it on level 2 of the Dungeon)
 E - a +2 cloak of willpower (worn)
   (You took it off Crazy Yiuf on level 3 of the Dungeon)
 F - a +0 robe (worn)
 J - a +0 ring mail
   (You took it off an orc on level 4 of the Dungeon)
 K - a +0 pair of gloves (worn)
   (You found it on level 2 of the Lair of Beasts)
 Q - a +0 ring mail
   (You found it on level 5 of the Dungeon)
 Y - a +0 helmet (worn)
   (You found it on level 8 of the Dungeon)
Magical Staves
 a - a staff of conjuration (weapon) {!a@e2staff}
   (You found it on level 7 of the Dungeon)
 Z - a staff of poison {!astaff}
   (You found it on level 2 of the Lair of Beasts)
Jewellery
 g - a ring of fire
   (You found it on level 4 of the Dungeon)
 j - an amulet of regeneration (around neck) {@e2}
   (You found it on level 7 of the Dungeon)
 n - a +6 ring of intelligence (right hand)
   (You found it on level 1 of the Dungeon)
 B - the amulet of Asmosmu {Reflect -Tele rC++ Int+3 Dex+4 SH+5}
   (You found it on level 7 of the Dungeon)

   [amulet of reflection]

   It reflects blocked missile attacks.
   Int:       It affects your intelligence (+3).
   Dex:       It affects your dexterity (+4).
   rC:        It greatly protects you from cold.
   -Tele:     It prevents most forms of teleportation.
   SH:        It affects your SH (+5).
 M - a ring of fire (left hand)
   (You took it off a kobold on level 6 of the Dungeon)
 N - a ring of ice
   (You found it on level 10 of the Dungeon)
Wands
 e - a wand of charming (10)
   (You found it on level 6 of the Dungeon)
 i - a wand of polymorph (23)
   (You found it on level 8 of the Dungeon)
 S - a wand of flame (27)
   (You found it on level 5 of the Dungeon)
 U - a wand of acid (7)
   (You found it on level 11 of the Dungeon)
 V - a wand of mindburst (4)
   (You found it on level 10 of the Dungeon)
 W - a wand of roots (4)
   (You found it on level 10 of the Dungeon)
 X - a wand of digging (6)
   (You found it on level 11 of the Dungeon)
Scrolls
 f - 8 scrolls of blinking {!r}
 m - 2 scrolls of summoning
 q - 2 scrolls of teleportation {@r4}
 r - a scroll of fear {unknown}
 s - 2 scrolls of poison
 H - a scroll of silence {unknown}
 I - 2 scrolls of noise {!r}
 P - a scroll of immolation {unknown}
 T - 2 scrolls of magic mapping {!r}
Potions
 h - 6 potions of attraction {!q}
 k - 7 potions of flight
 o - 5 potions of lignification {!q}
 p - a potion of berserk rage {!q}
 t - a potion of cancellation {unknown}
 u - 2 potions of invisibility
 x - 2 potions of resistance
 y - 2 potions of might
 z - 4 potions of brilliance
 C - 7 potions of heal wounds {@q2}
 G - 5 potions of curing {@q1}
 R - 2 potions of mutation {!q}
Miscellaneous
 d - a phial of floods
   (You found it on level 10 of the Dungeon)
 l - a phantom mirror
   (You found it on level 10 of the Dungeon)

Dungeon Overview and Level Annotations

Branches:
Dungeon (11/15) Zot: 26245  Temple (1/1) D:7 Zot: 5955    Lair (4/5) D:8 Zot: 20569
  Swamp (0/4) Lair:3       Spider (0/4) Lair:3          Orc (0/2) D:9
  Slime: Lair:4-5

Altars:
Ashenzari
Cheibriados
Dithmenos
Elyvilon
Fedhas
Gozag
Hepliaklqana
Makhleb
Nemelex Xobeh
Okawaru
Ru
Trog
Uskayaw
Wu Jian
Yredelemnul
Zin
The Shining One

Shops:
D:2 :

Annotations:
D:11 3 runed translucent doors, OstrichLN's ghost, journeyman HOFi
Lair:4 1 runed translucent door

P.. ###.....# ..#
...# #.#.....# ..#
...# ##......#####.##
.
...#####..##+##......
... #..#....# .#....
.....#......# #..#
............# #<.#
.......#....#####..#
....#.#....Y@......#
.....##....Y.......#
....# ##..........##
#... #P.........##
... #...........# ##
##^......#.##
#......#### #...#..#
#....###


You could see 2 elephants.


Message History

An elephant comes into view. x2
Danger!
Unknown command.
You feel a strong surge of power!
You conjure some foxfire!
An elephant comes into view.
You feel a strong surge of power!
You conjure some foxfire!
The foxfire hits the black bear.
The foxfire hits the black bear but does no damage.
The foxfire hits the black bear.
Casting: Foxfire (safe; 0% risk of failure)
Confirm with . or Enter, or press ? or * to list all spells.
Casting: Flame Wave (safe; 1% risk of failure)
Press: ? - help, Dir - look around, f - activate
Okay, then.
Unknown command.
Casting: Flame Wave (safe; 1% risk of failure)
Confirm with . or Enter, or press ? or * to list all spells.
You feel a surge of power!
Flames lash the black bear.
The black bear's fire resistance burns away.
The foxfire hits the black bear!
The black bear is burned terribly!
You kill the black bear!
Makhleb accepts your kill.
You feel better.
Casting: Scorch (safe; 0% risk of failure)
Confirm with . or Enter, or press ? or * to list all spells.
You feel a surge of power!
Flames lash the elephant.
The elephant's fire resistance burns away.
Casting: Scorch (safe; 0% risk of failure)
Confirm with . or Enter, or press ? or * to list all spells.
Casting: Flame Wave (safe; 1% risk of failure)
Press: ? - help, Dir - look around, f - activate You feel a strong surge of power!
A wave of flame ripples out!
The flame wave engulfs the elephant!! x2; The elephant is burned terribly! (Press . to intensify the flame waves.)
The elephant tramples you!
You are shoved backwards!
The elephant tramples you!
You are shoved backwards!
Unknown command.
Casting: Flame Wave (safe; 1% risk of failure)
Confirm with . or Enter, or press ? or * to list all spells.
You feel a surge of power!
Flames lash the elephant.
The elephant's fire resistance burns away.
The elephant tramples you!
You hold your ground!
You block the elephant's attack. The elephant tramples you!
* * * LOW HITPOINT WARNING * * *
You are shoved backwards!
Unknown command.
Casting: Scorch (safe; 0% risk of failure)
Confirm with . or Enter, or press ? or * to list all spells.
Casting: Flame Wave (safe; 1% risk of failure)
Press: ? - help, Dir - look around, f - activate You feel a strong surge of power!
A wave of flame ripples out!
The flame wave engulfs the elephant!!
The elephant is burned terribly!
The flame wave engulfs the elephant!
The elephant is burned terribly! (Press . to intensify the flame waves.)
* * * LOW HITPOINT WARNING * * *
The elephant is no longer more vulnerable to fire.
The elephant barely misses you. The elephant trunk-slaps you.
* * * LOW HITPOINT WARNING * * *
The elephant tramples you but does no damage.
You block the elephant's attack.
A wave of flame ripples out!
The flame wave engulfs the elephant!
The elephant is burned terribly!
You kill the elephant!
Makhleb accepts your kill.
You feel better.
The flame wave engulfs the elephant!
The flame wave engulfs the elephant.
The flame wave engulfs the elephant!!
* * * LOW HITPOINT WARNING * * *
You hear a loud, deep croak!
The elephant tramples you.
* * * LOW HITPOINT WARNING * * *
You hold your ground!
The elephant closely misses you.
A wave of flame ripples out!
The flame wave engulfs the elephant.
The flame wave engulfs the elephant!
You kill the elephant!
Makhleb accepts your kill.
The flame wave engulfs the elephant.
The flame wave engulfs the fungus!!
The fungus begins to die.
* * * LOW HITPOINT WARNING * * *
You finish channelling waves of flame.
The elephant tramples you!
* * * LOW HITPOINT WARNING * * *
You are shoved backwards!
The elephant tramples you!
* * * LOW HITPOINT WARNING * * *
You are shoved backwards!
Casting: Flame Wave (safe; 1% risk of failure)
Confirm with . or Enter, or press ? or * to list all spells.
Casting: Flame Wave (safe; 1% risk of failure)
Press: ? - help, Dir - look around, f - activate You feel a strong surge of power!
A wave of flame ripples out!
The flame wave engulfs the elephant! (Press . to intensify the flame waves.)
* * * LOW HITPOINT WARNING * * *
The elephant misses you. You block the elephant's attack.
A wave of flame ripples out!
The flame wave engulfs the elephant!!!
The flame wave engulfs the elephant!!
* * * LOW HITPOINT WARNING * * *
You hear a croak.
The elephant barely misses you. The elephant closely misses you.
The elephant tramples you!
You die...

Skill      XL: |  1  2  3  4  5  6  7  8  9 10 11 12 13 |
---------------+----------------------------------------+-----
Spellcasting   | 3 4 5 6 8 10 11 13 14 15 | 15.0
Shields        | 1 5 |  5.0
Fighting       | 1 4 5 |  5.9
Dodging        | 3 4 6 |  6.3
Invocations    | 4 |  4.1
Stealth        | |  1.5

Action                   |  1- 3 |  4- 6 |  7- 9 | 10-12 | 13-15 || total
-------------------------+-------+-------+-------+-------+-------++-------
Melee: Short sword       |       |       |     1 |       |       ||     1
 Cast: Foxfire           |    56 |   115 |   172 |   286 |    90 ||   719
       Scorch            |       |    14 |     8 |    45 |     9 ||    76
       Slow              |       |     4 |       |     1 |       ||     5
       Conjure Flame     |       |     1 |       |       |       ||     1
       Inner Flame       |       |     1 |       |       |       ||     1
       Flame Wave        |       |       |     5 |    50 |    13 ||    68
       Static Discharge  |       |       |     2 |       |       ||     2
       Summon Ice Beast  |       |       |       |     2 |     1 ||     3
       Call Imp          |       |       |       |     1 |     1 ||     2
       Metabolic Englaci |       |       |       |       |     2 ||     2
Evoke: Wand              |       |       |       |     3 |       ||     3
  Use: Scroll            |       |    12 |     5 |     9 |       ||    26
Armor: Robe              |     2 |     2 |    10 |     7 |     2 ||    23
Dodge: Dodged            |     6 |     9 |    22 |    45 |    17 ||    99
Block: Buckler           |       |     3 |     7 |    19 |     7 ||    36

Levels and vault maps discovered:
D:1:      co_arrival_random_square_maze, layout_loops_ring,
          hangedman_abyss_or_decor_lesser_grid
D:2:      layout_loops_ring, serial_shops, nicolae_shop_behind_doors,
          small_statue_intersection, minmay_tall_x
D:3:      layout_basic, chequers_ecumenical_altar_island,
          uniq_crazy_yiuf_cottage
D:4:      layout_cave_pools
D:5:      layout_cave_pools, palyth_stone_intersect
D:6:      layout_cave_pools
D:7:      layout_gridville, temple_fountains, minmay_puff
D:8:      layout_rooms, chequers_temple_overflow_minitemple, erik_lair_island,
          lemuel_flamethrower_1
D:9:      statuecave_lemuel, layout_loops_ring, orc_0_dummy,
          minmay_chambers_of_fives
D:10:     layout_roguey [special_room_orc], lightli_minifort, uniq_sonja
D:11:     layout_small_grid, gammafunk_ghost_necromancy
Temple:   compressed_dpeg_triangle_lava_temple
Lair:1:   layout_cave_pods, grunt_forest_small_clearings,
          chequers_serial_rivers_micro_d, grunt_megastairs_1
Lair:2:   layout_regular_city, gauntlet_entry_generic, st_stairs_8,
          chequers_serial_rivers_micro_d, lemuel_fruit_tree
Lair:3:   layout_layer_cave, swamp_mist, nicolae_spider_entry_non_spiders,
          grunt_megastairs_4, uniq_rupert
Lair:4:   layout_cave_pods, slime_entry_2, basic_altar,
          chequers_serial_rivers_micro_c

Notes
Turn   | Place    | Note
-------+----------+-------------------------------------------
     0 | D:1      | Sobieck the Djinni Fire Elementalist began the quest for
                  | the Orb.
     0 | D:1      | Sobieck set off with the following spells memorised:
                  | Foxfire, Scorch, Conjure Flame, Inner Flame, Flame Wave.
     0 | D:1      | Reached XP level 1. HP: 15/15 MP: 0/0
   171 | D:1      | Reached XP level 2. HP: 14/21 MP: 0/0
   442 | D:1      | Reached skill level 3 in Spellcasting
   662 | D:1      | Reached XP level 3. HP: 23/25 MP: 0/0
   662 | D:1      | Learned a level 1 spell: Slow
  1504 | D:2      | Reached XP level 4. HP: 28/31 MP: 0/0
  1771 | D:2      | Found Ikhlub's Book Shop.
  2117 | D:2      | Reached skill level 4 in Spellcasting
  2443 | D:3      | Found a faded altar of an unknown god.
  2645 | D:3      | Reached XP level 5. HP: 28/35 MP: 0/0
  2645 | D:3      | Learned a level 2 spell: Static Discharge
  2881 | D:3      | HP: 7/35 [gnoll/+1 spear of freezing (6)]
  3429 | D:3      | Noticed a black bear
  3685 | D:3      | Killed a black bear
  3686 | D:3      | Reached skill level 5 in Spellcasting
  3686 | D:3      | Reached XP level 6. HP: 35/40 MP: 0/0
  3773 | D:3      | Found a runed translucent door.
  3774 | D:3      | Noticed Crazy Yiuf
  4387 | D:3      | Killed Crazy Yiuf
  4973 | D:4      | Reached XP level 7. HP: 36/45 MP: 0/0
  4973 | D:4      | Learned a level 2 spell: Call Imp
  5160 | D:4      | Got the Vademecum on the Meteoric Jaunt
  5390 | D:5      | Entered Level 5 of the Dungeon
  5555 | D:5      | Reached skill level 6 in Spellcasting
  6244 | D:6      | Reached XP level 8. HP: 41/50 MP: 0/0
  6246 | D:6      | Reached skill level 7 in Spellcasting
  6786 | D:6      | Reached skill level 8 in Spellcasting
  7285 | D:7      | Reached XP level 9. HP: 41/55 MP: 0/0
  7285 | D:7      | Learned a level 3 spell: Ignite Poison
  7443 | D:7      | Reached skill level 9 in Spellcasting
  7584 | D:7      | Identified the amulet of Asmosmu {Reflect -Tele rC++ Int+3
                  | Dex+4 SH+5}
  7735 | D:7      | Found a staircase to the Ecumenical Temple.
  7828 | Temple   | Entered the Ecumenical Temple
  7863 | Temple   | Became a worshipper of Makhleb the Destroyer
  8284 | D:8      | Reached skill level 10 in Spellcasting
  8338 | D:8      | Reached skill level 1 in Shields
  8344 | D:8      | Reached skill level 1 in Fighting
  8355 | D:8      | Noticed a troll
  8362 | D:8      | HP: 12/57 [wolf (5)]
  8365 | D:8      | Reached skill level 3 in Dodging
  8365 | D:8      | Reached XP level 10. HP: 13/64 MP: 0/0
  8607 | D:8      | Reached skill level 2 in Fighting
  8607 | D:8      | Reached skill level 2 in Shields
  8647 | D:8      | Found a staircase to the Lair.
  8821 | D:8      | Noticed a kobold demonologist
  8826 | D:8      | Killed a kobold demonologist
  8827 | D:8      | Reached skill level 3 in Fighting
  8827 | D:8      | Reached skill level 4 in Dodging
  8827 | D:8      | Reached skill level 3 in Shields
  8865 | D:8      | Found an iron altar of Okawaru.
  8865 | D:8      | Found a faded altar of an unknown god.
  8871 | D:8      | Found a hide-covered altar of Uskayaw.
  8873 | D:8      | Found a white marble altar of Elyvilon.
  8874 | D:8      | Found a faded altar of an unknown god.
  8915 | D:9      | Noticed a two-headed ogre
  8924 | D:9      | Killed a two-headed ogre
  8924 | D:9      | Reached * piety under Makhleb
  8925 | D:9      | Reached skill level 4 in Fighting
  8925 | D:9      | Reached skill level 5 in Shields
  9508 | D:9      | Noticed an efreet
  9621 | D:9      | an efreet changed into a neqoxec
  9925 | D:9      | Found a staircase to the Orcish Mines.
 10009 | D:10     | Entered Level 10 of the Dungeon
 10203 | D:10     | Reached skill level 11 in Spellcasting
 10203 | D:10     | Reached XP level 11. HP: 73/73 MP: 0/0
 10203 | D:10     | Learned a level 4 spell: Summon Ice Beast
 10207 | D:10     | Reached ** piety under Makhleb
 10653 | D:10     | Noticed Sonja
 10671 | D:10     | Killed Sonja
 10716 | D:10     | Noticed a cyclops
 10720 | D:10     | Killed a cyclops
 10859 | D:10     | Reached skill level 12 in Spellcasting
 10958 | D:11     | Got the Tome of the Fetid Arsonist
 10961 | D:11     | Noticed a cyclops
 10974 | D:11     | Killed a cyclops
 11067 | D:11     | Noticed a two-headed ogre
 11074 | D:11     | Killed a two-headed ogre
 11265 | D:11     | Noticed a seven-headed hydra
 11539 | D:11     | Reached *** piety under Makhleb
 11566 | D:11     | Found a runed translucent gate.
 11566 | D:11     | Found a runed translucent gate.
 11570 | D:11     | Found a runed translucent gate.
 11584 | D:11     | Noticed OstrichLN's ghost (journeyman HOFi)
 11621 | D:11     | Noticed a skeletal warrior
 11621 | D:11     | Noticed a skeletal warrior
 11621 | D:11     | Noticed a skeletal warrior
 11684 | Lair:1   | Entered Level 1 of the Lair of Beasts
 11951 | Lair:1   | Reached skill level 13 in Spellcasting
 11951 | Lair:1   | Reached XP level 12. HP: 74/78 MP: 0/0
 12031 | Lair:1   | Identified the +2 flail of Skirmishing {flame, rElec rF+}
 12148 | Lair:1   | Noticed an eight-headed hydra
 12152 | Lair:1   | Killed an eight-headed hydra
 12937 | Lair:2   | Reached skill level 14 in Spellcasting
 13742 | Lair:3   | Reached XP level 13. HP: 77/83 MP: 0/0
 13742 | Lair:3   | Learned a level 5 spell: Metabolic Englaciation
 13749 | Lair:3   | Reached **** piety under Makhleb
 13755 | Lair:3   | Reached skill level 15 in Spellcasting
 13758 | Lair:3   | Reached skill level 1 in Invocations
 13978 | Lair:3   | Reached skill level 2 in Invocations
 13981 | Lair:3   | Found a staircase to the Swamp.
 14235 | Lair:3   | Reached skill level 5 in Dodging
 14397 | Lair:3   | Found a hole to the Spider Nest.
 14426 | Lair:3   | Reached skill level 5 in Fighting
 14433 | Lair:3   | Reached skill level 3 in Invocations
 14684 | Lair:3   | Noticed Rupert
 14688 | Lair:3   | Paralysed by Rupert for 3 turns
 14699 | Lair:3   | Killed Rupert
 14791 | Lair:3   | Reached skill level 6 in Dodging
 15077 | Lair:4   | Reached skill level 4 in Invocations
 15091 | Lair:4   | Found a runed translucent door.
 15108 | Lair:4   | HP: 20/87 [elephant (12)]
 15110 | Lair:4   | Mangled by an elephant

Vanquished Creatures
  Rupert (Lair:3)
  A hydra (Lair:1)
  2 two-headed ogres
  Sonja (D:10)
  2 cyclopes
  A torpor snail (Lair:3)
  2 black mambas
  2 elephants (Lair:4)
  An unseen horror (D:10)
  5 cane toads
  A kobold demonologist (D:8)
  2 rime drakes
  11 komodo dragons
  2 trolls
  A hornet (D:9)
  7 blink frogs (Lair:2)
  9 dream sheep (Lair:3)
  A shadow (D:11)
  2 wraiths
  3 wyverns
  3 basilisks
  15 yaks
  A neqoxec (D:9)
  2 steam dragons
  3 vampire mosquitoes (D:11)
  An acid dragon (D:10)
  6 water moccasins
  6 orc warriors
  An ice beast (D:7)
  5 black bears
  4 sky beasts (D:7)
  5 boggarts (D:11)
  6 wolves
  2 ogres
  2 centaurs
  2 kobold brigands
  8 bullfrogs
  3 scorpions
  3 necrophages
  7 wights
  9 killer bees
  2 howler monkeys (D:7)
  3 electric eels (D:8)
  Crazy Yiuf (D:3)
  4 orc priests
  7 hounds
  10 orc wizards
  7 gnolls
  11 adders
  4 shadow imps
  An ufetubus (D:5)
  9 worms
  4 dart slugs
  49 orcs
  6 ball pythons
  9 bats
  2 endoplasms
  8 giant cockroaches
  4 goblins
  4 hobgoblins
  5 quokkas (D:1)
  3 frilled lizards
  21 kobolds
  10 rats
335 creatures vanquished.

Vanquished Creatures (collateral kills)
  12 foxfires
12 creatures vanquished.

Vanquished Creatures (others)
  1197 foxfires
  9 fungi
  17 plants
1223 creatures vanquished.

Grand Total: 1570 creatures vanquished

Table legend:
 A = Non-vault XP
 B = Vault XP
 C = Vault XP percentage of total XP
 D = Non-vault monster count
 E = Vault monster count
 F = Vault count percentage of total count
                 A         B        C        D         E       F
            +---------+---------+-------+---------+---------+-------
      Total |   26913 |    8998 |  25.1 |     267 |      68 |  20.3
            +---------+---------+-------+---------+---------+-------
        D:1 |      49 |       0 |   0.0 |      27 |       0 |   0.0
        D:2 |      52 |      21 |  28.8 |      15 |       4 |  21.1
        D:3 |     291 |      41 |  12.3 |      26 |       1 |   3.7
        D:4 |      84 |       0 |   0.0 |      14 |       0 |   0.0
        D:5 |     272 |       0 |   0.0 |       8 |       0 |   0.0
        D:6 |    1093 |       0 |   0.0 |      23 |       0 |   0.0
        D:7 |    1309 |     167 |  11.3 |      21 |       2 |   8.7
        D:8 |     871 |     572 |  39.6 |      12 |       6 |  33.3
        D:9 |    1543 |     601 |  28.0 |      10 |       5 |  33.3
       D:10 |    1956 |    1637 |  45.6 |      20 |      28 |  58.3
       D:11 |    3902 |       0 |   0.0 |      29 |       0 |   0.0
     Lair:1 |    1965 |    1948 |  49.8 |       7 |       8 |  53.3
     Lair:2 |    6703 |     389 |   5.5 |      28 |       1 |   3.4
     Lair:3 |    5675 |    3622 |  39.0 |      23 |      13 |  36.1
     Lair:4 |    1148 |       0 |   0.0 |       4 |       0 |   0.0
            +---------+---------+-------+---------+---------+-------

Illustrated notes

Table legend:
 A = Kills in this place as a percentage of kills in entire the game.
 B = Kills by you in this place as a percentage of kills by you in the entire game.
 C = Kills by friends in this place as a percentage of kills by friends in the entire game.
 D = Other kills in this place as a percentage of other kills in the entire game.
 E = Experience gained in this place as a percentage of experience gained in the entire game.
 F = Experience gained in this place divided by the number of levels of this place that you have seen.
                   A       B       C       D       E      F
               +-------+-------+-------+-------+-------+----------------------
         Total | 100.0 | 100.0 |   N/A |   N/A | 100.0 | 2244.4
       Dungeon |  74.9 |  74.9 |   N/A |   N/A |  40.3 | 1314.6
          Lair |  25.1 |  25.1 |   N/A |   N/A |  59.7 | 5362.5
               +-------+-------+-------+-------+-------+----------------------

Table legend: (Time is in decaauts)
 A = Elapsed time spent in this place.
 B = Non-inter-level travel time spent in this place.
 C = Inter-level travel time spent in this place.
 D = Time resting spent in this place.
 E = Time spent auto-exploring this place.
 F = Levels seen in this place.
 G = Mean time per level.
                   A        B        C        D        E       F      G
               +--------+--------+--------+--------+--------+-----+--------+
         Total |  15116 |  14676 |    440 |   1540 |  10952 |  16 |  944.8 |
       Dungeon |  11641 |  11287 |    354 |   1446 |   8191 |  11 | 1058.3 |
        Temple |     44 |     36 |      8 |      0 |      0 |   1 |   44.0 |
          Lair |   3429 |   3352 |     77 |     94 |   2761 |   4 |  857.2 |
               +--------+--------+--------+--------+--------+-----+--------+

Top non-repeatable levels by time:
     D:3: 2005 daAuts
     D:1: 1363 daAuts
  Lair:3: 1305 daAuts
     D:2: 1227 daAuts
  Lair:2: 1084 daAuts
     D:9: 1061 daAuts
     D:5: 1030 daAuts
  Lair:1: 988 daAuts
     D:7: 977 daAuts
    D:10: 947 daAuts
     D:6: 846 daAuts
     D:4: 792 daAuts
    D:11: 713 daAuts
     D:8: 676 daAuts
  Lair:4: 50 daAuts
